 Dungeon Crawl Stone Soup version 0.21.1-1-g345015f (webtiles) character file.

14371 poirepourri the Basher (level 12, 0/72 HPs)
             Began as a Gargoyle Fighter on May 14, 2018.
             Was an Elder of Cheibriados.
             Slain by an orc knight
             ... wielding a +0 great mace
              (3 damage)
             ... on level 10 of the Dungeon.
             The game lasted 00:14:04 (12796 turns).

poirepourri the Basher (Gargoyle Fighter)          Turns: 12796, Time: 00:14:06

Health: 0/72       AC: 22    Str: 33    XL:     12   Next: 15%
Magic:  19/21      EV: 17    Int: 20    God:    Cheibriados [****..]
Gold:   691        SH: 13    Dex: 23    Spells: 11/11 levels left

rFire    . . .     SeeInvis .   a - +1 flail
rCold    . . .     Gourm    .   c - +1 shield
rNeg     + . .     Faith    .   n - +3 ring mail
rPois    ∞         Spirit   .   p - +2 helmet
rElec    +         Reflect  .   v - scarf {repulsion}
rCorr    .         Harm     .   (no gloves)
MR       .....                  u - +0 pair of boots
Stlth    +.........             (no amulet)
HPRegen  0.22/turn              j - ring of magical power
MPRegen  0.17/turn              o - +3 ring of strength

@: berserk cooldown, slowed, repel missiles, very slow
A: negative energy resistance 1, electricity resistance, unbreathing,
petrification resistance, rot immunity, AC +8
a: Bend Time, Temporal Distortion, Slouch, Renounce Religion


You were on level 10 of the Dungeon.
You worshipped Cheibriados.
Cheibriados was greatly pleased with you.
You were not hungry.

You visited 2 branches of the dungeon, and saw 11 of its levels.
You visited the Abyss 1 time.

You collected 691 gold pieces.

Inventory:

Hand Weapons
 a - a +1 flail (weapon)
 d - a +0 mace of holy wrath
Missiles
 b - 8 steel tomahawks
 i - 3 throwing nets (quivered)
 l - 20 tomahawks
 y - 5 javelins
Armour
 c - a +1 shield (worn)
 g - a +0 cloak
 k - a +1 chain mail of fire resistance
 n - a +3 ring mail (worn)
 p - a +2 helmet (worn)
 u - a +0 pair of boots (worn)
 v - a scarf of repulsion (worn)
Jewellery
 j - a ring of magical power (left hand)
 o - a +3 ring of strength (right hand)
 w - an uncursed ring of protection from magic {unknown}
Wands
 t - a wand of polymorph (15)
Scrolls
 m - 15 scrolls of remove curse
 r - a scroll of amnesia
Potions
 e - 2 potions of curing
 h - a potion of mutation
 x - a potion of lignification {unknown}
 z - a potion of resistance {unknown}
Miscellaneous
 s - a fan of gales (inert)
Comestibles
 f - 14 rations


   Skills:
 - Level 7.1 Fighting
 - Level 14.0 Maces & Flails
 - Level 6.3 Armour
 + Level 8.3 Dodging
 - Level 5.0 Shields


You had 11 spell levels left.
You didn't know any spells.

Dungeon Overview and Level Annotations

Branches:
Dungeon (10/15)            Temple (1/1) D:6            Lair (0/6) D:10
    Orc: D:9-12

Altars:
Ashenzari
Cheibriados
Dithmenos
Elyvilon
Fedhas
Gozag
Hepliaklqana
Kikubaaqudgha
Makhleb
Nemelex Xobeh
Okawaru
Qazlal
Ru
Sif Muna
Trog
Uskayaw
Vehumet
Wu Jian
Xom
Yredelemnul
Zin
The Shining One
Beogh
Jiyva

Shops:
D:6 [

Annotations:
D:10 , 1 transporter


Innate Abilities, Weirdness & Mutations

You are resistant to torment.
Your stone body is resilient. (AC +8)
You are immune to poison.
You resist negative energy. (rN+)
You are resistant to electric shocks. (rElec)
You can survive without breathing.
You are immune to petrification.
You are immune to rotting.


Message History

You feel better.
You hear some strange, mumbled words.
A magic dart appears from out of thin air!
The magic dart hits you!
The orc knight hits you with a great mace!!
* * * LOW HITPOINT WARNING * * *
The orc closely misses you. The orc knight completely misses you.
Okay, then.
Unknown command.
You fail to use your ability.
Something hits you but does no damage. x2
The orc knight misses you. The orc misses you.
Unknown command.
Your shield and ring mail prevent you from hitting the orc knight.
The orc knight is heavily wounded.
Something hits you but does no damage.
You hear some strange, mumbled words.
A puff of flame appears from out of thin air!
The puff of flame misses you.
The orc knight hits you with a great mace.
You die...

..#....†...'.....#
..#...(....#.....# ######
..#........#.....# #....#
..#........#.....####....#
#################........#
.........####........#
.8..8..8..8##........#
............#{.......#
o..........o@).......#
o...........#o.......#
.8..8..8..8##....#####
o..o..)..####....#
#################....#
.....................#
!....................#
....(................#####
...##################....#


You could see an orc knight and an orc.

Vanquished Creatures
  A great orb of eyes (Abyss:2)
  4 two-headed ogres
  A wretched star (Abyss:2)
  An unseen horror (D:10)
  A deep troll (D:10)
  2 orc knights (D:10)
  Psyche (D:8)
  A centaur skeleton (D:10)
  2 trolls
  3 hippogriffs
  15 yaks (D:10)
  A human (D:8)
  2 steam dragons (D:10)
  2 hungry ghosts
  An acid dragon (D:9)
  A water moccasin (D:6)
  2 ice beasts (D:5)
  A sky beast (D:3)
  4 orc warriors
  A phantom (D:9)
  A hornet zombie (D:9)
  A necrophage (D:6)
  2 centaurs
  8 ogres
  A crocodile (D:8)
  2 big kobolds (D:8)
  2 bullfrogs (D:9)
  A scorpion (D:7)
  2 wyvern skeletons
  A water moccasin skeleton (D:8)
  4 wights (D:6)
  The ghost of Sapher the Grave Robber, a weakling GnNe (D:5)
  5 crimson imps
  3 centaur zombies
  2 quasits
  3 hounds (D:8)
  3 jellies
  8 orc priests
  A bullfrog skeleton (D:9)
  Terence (D:3)
  3 iguanas
  6 worker ants
  10 orc wizards
  2 hound skeletons
  A worker ant zombie (D:9)
  3 gnolls (D:4)
  A howler monkey skeleton (D:9)
  13 adders
  An adder zombie (D:6)
  An adder skeleton (D:9)
  4 worms
  2 dart slugs (D:1)
  3 leopard geckos
  63 orcs
  6 giant cockroaches
  14 goblins
  12 hobgoblins
  12 jackals
  12 kobolds
  6 quokkas
  3 ball pythons
  A ball python skeleton (D:4)
  8 bats
  5 frilled lizards
  A leopard gecko skeleton (D:4)
  A quokka skeleton (D:9)
  5 rats
298 creatures vanquished.

Vanquished Creatures (others)
  A kobold (D:1)
1 creature vanquished.

Grand Total: 299 creatures vanquished

Notes
Turn   | Place    | Note
-------+----------+-------------------------------------------
     0 | D:1      | poirepourri the Gargoyle Fighter began the quest for the Orb.
     0 | D:1      | Reached XP level 1. HP: 14/14 MP: 1/1
   247 | D:1      | Reached XP level 2. HP: 19/19 MP: 2/2
   313 | D:1      | Reached skill level 3 in Maces & Flails
   512 | D:1      | Reached XP level 3. HP: 21/23 MP: 3/3
   945 | D:2      | Found an opulent altar of Gozag.
   978 | D:2      | Reached skill level 4 in Maces & Flails
  1054 | D:2      | Reached XP level 4. HP: 23/28 MP: 4/4
  2017 | D:3      | Reached skill level 5 in Maces & Flails
  2017 | D:3      | Reached XP level 5. HP: 29/32 MP: 5/5
  2145 | D:3      | Noticed Terence
  2178 | D:3      | Killed Terence
  2367 | D:3      | Noticed a sky beast
  2393 | D:3      | Killed a sky beast
  2393 | D:3      | Reached skill level 5 in Fighting
  2393 | D:3      | Reached XP level 6. HP: 29/40 MP: 6/6
  3563 | D:4      | Reached XP level 7. HP: 6/47 MP: 7/7
  4561 | D:5      | Entered Level 5 of the Dungeon
  4742 | D:5      | Reached skill level 6 in Maces & Flails
  4754 | D:5      | Noticed Sapher's ghost (weakling GnNe)
  4770 | D:5      | Killed Sapher's ghost
  4770 | D:5      | Reached XP level 8. HP: 47/53 MP: 8/8
  4816 | D:5      | Reached skill level 7 in Maces & Flails
  5609 | D:5      | Found a glowing golden altar of the Shining One.
  5643 | D:5      | Noticed a troll
  5651 | D:5      | Killed a troll
  5651 | D:5      | Reached skill level 8 in Maces & Flails
  5855 | D:6      | Reached skill level 9 in Maces & Flails
  6135 | D:6      | Reached XP level 9. HP: 51/57 MP: 9/9
  6188 | D:6      | Reached skill level 10 in Maces & Flails
  6371 | D:6      | Found a staircase to the Ecumenical Temple.
  6434 | Temple   | Entered the Ecumenical Temple
  6446 | Temple   | Became a worshipper of Cheibriados the Contemplative
  6543 | D:6      | Found Potouc's Armour Shop.
  6913 | D:6      | Reached skill level 1 in Dodging
  7714 | D:8      | Reached * piety under Cheibriados
  8294 | D:8      | Reached skill level 5 in Shields
  8320 | D:8      | Noticed Psyche
  8324 | D:8      | Cast into level 2 of the Abyss (Psyche)
  8333 | Abyss:2  | Found a corrupted altar of Lugonu.
  8349 | Abyss:2  | Noticed a wretched star
  8362 | Abyss:2  | Killed a wretched star
  8362 | Abyss:2  | Reached skill level 11 in Maces & Flails
  8362 | Abyss:2  | Reached XP level 10. HP: 63/63 MP: 8/8
  8376 | Abyss:2  | Noticed a great orb of eyes
  8386 | Abyss:2  | Paralysed by a great orb of eyes for 3 turns
  8393 | Abyss:2  | Killed a great orb of eyes
  8393 | Abyss:2  | Reached ** piety under Cheibriados
  8393 | Abyss:2  | Reached skill level 12 in Maces & Flails
  8395 | Abyss:2  | Noticed a thrashing horror
  8413 | D:8      | Escaped the Abyss
  8419 | D:8      | Killed Psyche
  9099 | D:8      | Noticed a two-headed ogre
  9105 | D:8      | Killed a two-headed ogre
  9496 | D:9      | Reached *** piety under Cheibriados
  9606 | D:9      | Reached XP level 11. HP: 39/67 MP: 11/11
  9636 | D:9      | Found a roughly hewn altar of Beogh.
  9806 | D:9      | Reached skill level 13 in Maces & Flails
  9990 | D:9      | Reached **** piety under Cheibriados
 10310 | D:10     | Entered Level 10 of the Dungeon
 10350 | D:10     | Found a runed door.
 10999 | D:10     | Reached skill level 14 in Maces & Flails
 11430 | D:10     | Found a staircase to the Lair.
 11476 | D:10     | Killed an unseen horror
 11476 | D:10     | Reached skill level 5 in Dodging
 11689 | D:10     | Found a transporter.
 11711 | D:10     | Found a viscous altar of Jiyva.
 11713 | D:10     | Found the +3 Elemental Staff {rElec rF++ rC++ MR++ AC+5}
 11803 | D:10     | Noticed a two-headed ogre
 11816 | D:10     | Killed a two-headed ogre
 12345 | D:10     | Noticed a two-headed ogre
 12351 | D:10     | Killed a two-headed ogre
 12366 | D:10     | Noticed Urug
 12367 | D:10     | Noticed a two-headed ogre
 12370 | D:10     | Noticed Urug
 12370 | D:10     | Urug changed into Urug the deep troll
 12380 | D:10     | Killed a two-headed ogre
 12380 | D:10     | Reached XP level 12. HP: 44/72 MP: 12/12
 12397 | D:10     | Killed Urug the deep troll
 12794 | D:10     | HP: 2/72 [orc knight/great mace (23)]
 12796 | D:10     | Slain by an orc knight

Skill      XL: |  1  2  3  4  5  6  7  8  9 10 11 12 |
---------------+-------------------------------------+-----
Maces & Flails | 3 4 5 6 9 11 12 14 | 14.0
Fighting       | 5 6 7 |  7.1
Dodging        | 4 7 8 |  8.3
Shields        | 5 |  5.0
Armour         | 6 |  6.3

Action                   |  1- 3 |  4- 6 |  7- 9 | 10-12 || total
-------------------------+-------+-------+-------+-------++-------
Melee: Flail             |   128 |   259 |   465 |   476 ||  1328
Invok: Slouch            |       |       |       |     3 ||     3
       Bend Time         |       |       |       |     1 ||     1
Evoke: Wand              |       |       |     7 |     9 ||    16
       Fan of gales      |       |       |       |     1 ||     1
  Use: Scroll            |     2 |     9 |     5 |     2 ||    18
       Potion            |       |     2 |     3 |     9 ||    14
  Eat: Chunk             |       |     2 |     1 |       ||     3
       Ration            |       |     2 |     6 |     2 ||    10
Armor: Scale mail        |    74 |   115 |       |       ||   189
       Chain mail        |       |    99 |       |       ||    99
       Ring mail         |       |    56 |   276 |   194 ||   526
Dodge: Dodged            |    58 |   114 |   184 |   228 ||   584
       Deflected         |       |       |     4 |     8 ||    12
Block: Shield            |    89 |   196 |   228 |   316 ||   829
